Workbook

Sheet Додаток 2 Фін.звіт
B1: Додаток 2
B2: до Порядку складання, затвердження фінансового плану комунальними некомерційними підприємствами галузі охорони здоров'я міста Запоріжжя та контролю за його виконанням
A4: ЗВІТ ПРО ВИКОНАННЯ ФІНАНСОВОГО ПЛАНУ
A5: комунального некомерційного підприємства "Центр первинної медико-санітарної допомоги № 2"
A6: (назва підприємства)
A7: за І квартал 2023 року
A8: (період) | F8: тис.грн.
A9: Показники | B9: Код рядка | C9: План | D9: Факт | E9: Відхилення | F9: % виконання плану
A11: 1 | B11: 2 | C11: 3 | D11: 4 | E11: 5 | F11: 6
A12: I. ФОРМУВАННЯ ФІНАНСОВИХ РЕЗУЛЬТАТІВ
A13: ДОХІД, всього | B13: 1100 | C13: =C14+C17+C21 -> 29812.613 | D13: =D14+D17+D21 -> 29778.837 | E13: =D13-C13 -> -33.776 | F13: =D13/C13*100 -> 99.886706
A14: Дохід (виручка) від реалізації продукції (товарів, робіт, послуг) | B14: 1110 | C14: =C15+C16 -> 20207.014 | D14: =D15+D16 -> 20207.014 | E14: =D14-C14 -> 0 | F14: =D14/C14*100 -> 100
A15: Доходи надавача послуг за програмою медичних гарантій від НСЗУ | B15: 1111 | C15: 20195.927 | D15: 20195.927 | E15: =D15-C15 -> 0 | F15: =D15/C15*100 -> 100
A16: Дохід від надання медичних та немедичних послуг за кошти фізичних і юридичних осіб та страхових виплат | B16: 1112 | C16: 11.087 | D16: 11.087 | E16: =D16-C16 -> 0 | F16: =D16/C16*100 -> 100
A17: Інший операційний дохід | B17: 1120 | C17: =C18+C19+C20 -> 8669.162 | D17: =D18+D19+D20 -> 8654.869 | E17: =D17-C17 -> -14.293 | F17: =D17/C17*100 -> 99.835128
A18: Цільовий інший операційний дохід (Таблиця 1) | B18: 1121 | C18: ='Таблиця 1 рядок 1121'!B24 -> 7740.23 | D18: ='Таблиця 1 рядок 1121'!C24 -> 6995.744 | E18: =D18-C18 -> -744.486 | F18: =D18/C18*100 -> 90.381604
A19: Дохід від оренди, від компенсаціій за комунальні платежі від орендаря | B19: 1122 | C19: 634.396 | D19: 630.112 | E19: =D19-C19 -> -4.284 | F19: =D19/C19*100 -> 99.324712
A20: Інше (Таблиця 2) | B20: 1123 | C20: ='Таблиця 2 рядок 1123'!B21 -> 294.536 | D20: ='Таблиця 2 рядок 1123'!C21 -> 1029.013 | E20: =D20-C20 -> 734.477 | F20: =D20/C20*100 -> 349.36748
A21: Неопераційний дохід | B21: 1130 | C21: =C22+C23+C24 -> 936.437 | D21: =D22+D23+D24 -> 916.954 | E21: =D21-C21 -> -19.483 | F21: =D21/C21*100 -> 97.919454
A22: Неопераційний дохід, від амортизації по НА та ОЗ, що отримані як цільове фінансування | B22: 1131 | C22: 31.135 | D22: 4.413 | E22: =D22-C22 -> -26.722 | F22: =D22/C22*100 -> 14.173759
A23: Неопераційний дохід від амортизації по НА та ОЗ, що отримані безоплатно | B23: 1132 | C23: 630.368 | D23: 657.084 | E23: =D23-C23 -> 26.716 | F23: =D23/C23*100 -> 104.23816
A24: Інший неопераційний дохід (Таблиця 3) | B24: 1133 | C24: ='Таблиця 3 рядок 1133'!B21 -> 274.934 | D24: ='Таблиця 3 рядок 1133'!C21 -> 255.457 | E24: =D24-C24 -> -19.477 | F24: =D24/C24*100 -> 92.915754
A25: ВИТРАТИ, всього, у тому числі: | B25: 1200 | C25: =C26+C43+C44 -> 29468.096 | D25: =D26+D43+D44 -> 28270.573 | E25: =D25-C25 -> -1197.523 | F25: =D25/C25*100 -> 95.936205
A26: Операційні витрати без амортизації всього, в тому числі: (Таблиця 4) | B26: 1210 | C26: =C27+C28+C29+C30+C42 -> 28642.272 | D26: =D27+D28+D29+D30+D42 -> 27486.093 | E26: =D26-C26 -> -1156.179 | F26: =D26/C26*100 -> 95.963382
A27: Оплата праці | B27: 1211 | C27: ='Таблиця 4 рядок 1210'!K10 -> 15441.162 | D27: ='Таблиця 4 рядок 1210'!L10 -> 15273.672 | E27: =D27-C27 -> -167.49 | F27: =D27/C27*100 -> 98.915302
A28: Нарахування на оплату праці | B28: 1212 | C28: ='Таблиця 4 рядок 1210'!K11 -> 3429.156 | D28: ='Таблиця 4 рядок 1210'!L11 -> 3388.978 | E28: =D28-C28 -> -40.178 | F28: =D28/C28*100 -> 98.828341
A29: Соціальне забезпечення (у тому числі пільгові пенсії) | B29: 1213 | C29: ='Таблиця 4 рядок 1210'!K12 -> 14.744 | D29: ='Таблиця 4 рядок 1210'!L12 -> 14.743 | E29: =D29-C29 -> -0.001 | F29: =D29/C29*100 -> 99.993218
A30: Матеріальні витрати | B30: 1214 | C30: =C31+C32+C33+C34+C35+C36+C37+C38+C39+C40+C41 -> 6626.574 | D30: =D31+D32+D33+D34+D35+D36+D37+D38+D39+D40+D41 -> 5752.259 | E30: =D30-C30 -> -874.315 | F30: =D30/C30*100 -> 86.805927
A31: Медикаменти та перев'язувальні матеріали | B31: 1214.1 | C31: ='Таблиця 4 рядок 1210'!K14 -> 4302 | D31: ='Таблиця 4 рядок 1210'!L14 -> 3649.705 | E31: =D31-C31 -> -652.295 | F31: =D31/C31*100 -> 84.837401
A32: Засоби індивідуального захисту | B32: 1214.2 | C32: ='Таблиця 4 рядок 1210'!K15 -> 88 | D32: ='Таблиця 4 рядок 1210'!L15 -> 70.611 | E32: =D32-C32 -> -17.389 | F32: =D32/C32*100 -> 80.239773
A33: Продукти харчування | B33: 1214.3 | C33: ='Таблиця 4 рядок 1210'!K16 -> 70 | D33: ='Таблиця 4 рядок 1210'!L16 -> 53.929 | E33: =D33-C33 -> -16.071 | F33: =D33/C33*100 -> 77.041429
A34: Предмети, матеріали та інвентар | B34: 1214.4 | C34: ='Таблиця 4 рядок 1210'!K17 -> 191 | D34: ='Таблиця 4 рядок 1210'!L17 -> 106.986 | E34: =D34-C34 -> -84.014 | F34: =D34/C34*100 -> 56.013613
A35: Будівельні матеріали | B35: 1214.5 | C35: ='Таблиця 4 рядок 1210'!K18 -> 70 | D35: ='Таблиця 4 рядок 1210'!L18 -> 63.148 | E35: =D35-C35 -> -6.852 | F35: =D35/C35*100 -> 90.211429
A36: Паливно-мастильні матеріали | B36: 1214.6 | C36: ='Таблиця 4 рядок 1210'!K19 -> 431.5 | D36: ='Таблиця 4 рядок 1210'!L19 -> 340.659 | E36: =D36-C36 -> -90.841 | F36: =D36/C36*100 -> 78.947625
A37: Оплата комунальних послуг та інших енергоносіїв | B37: 1214.7 | C37: ='Таблиця 4 рядок 1210'!K20 -> 1367.974 | D37: ='Таблиця 4 рядок 1210'!L20 -> 1363.794 | E37: =D37-C37 -> -4.18 | F37: =D37/C37*100 -> 99.694439
A38: М’який інвентар | B38: 1214.8 | C38: ='Таблиця 4 рядок 1210'!K21 -> 0 | D38: ='Таблиця 4 рядок 1210'!L21 -> 0 | E38: =D38-C38 -> 0 | F38: =D38/C38*100 -> #DIV/0!
A39: Господарські матеріали | B39: 1214.9 | C39: ='Таблиця 4 рядок 1210'!K22 -> 27 | D39: ='Таблиця 4 рядок 1210'!L22 -> 24.497 | E39: =D39-C39 -> -2.503 | F39: =D39/C39*100 -> 90.72963
A40: Ремонти (приміщень, обладнання) | B40: 1214.10 | C40: ='Таблиця 4 рядок 1210'!K23 -> 79.1 | D40: ='Таблиця 4 рядок 1210'!L23 -> 78.93 | E40: =D40-C40 -> -0.17 | F40: =D40/C40*100 -> 99.785082
A41: Інші матеріальні витрати | B41: 1214.11 | C41: ='Таблиця 4 рядок 1210'!K24 -> 0 | D41: ='Таблиця 4 рядок 1210'!L24 -> 0 | E41: =D41-C41 -> 0 | F41: =D41/C41*100 -> #DIV/0!
A42: Інші операційні витрати (Таблиця 5) | B42: 1215 | C42: ='Таблиця 5 рядок 1215'!B22 -> 3130.636 | D42: ='Таблиця 5 рядок 1215'!C22 -> 3056.441 | E42: =D42-C42 -> -74.195 | F42: =D42/C42*100 -> 97.630034
A43: Амортизація | B43: 1220 | C43: 784.488 | D43: 784.48 | E43: =D43-C43 -> -0.008 | F43: =D43/C43*100 -> 99.99898
A44: Неопераційні витрати | B44: 1230 | C44: 41.336 | D44: 0 | E44: =D44-C44 -> -41.336 | F44: =D44/C44*100 -> 0
A45: ФІНАНСОВИЙ РЕЗУЛЬТАТ | B45: 1300 | C45: =C13-C25 -> 344.517 | D45: =D13-D25 -> 1508.264 | E45: =D45-C45 -> 1163.747 | F45: =D45/C45*100 -> 437.79088
A46: ІІ. РОЗПОДІЛ ПРИБУТКУ
A47: Залишок нерозподіленого прибутку (непокритого збитку) на початок звітного періоду | B47: 2010 | C47: 0 | D47: 0 | E47: =D47-C47 -> 0 | F47: =D47/C47*100 -> #DIV/0!
A48: Розвиток виробництва | B48: 2020 | C48: 0 | D48: 0 | E48: =D48-C48 -> 0 | F48: =D48/C48*100 -> #DIV/0!
A49: Резервний фонд | B49: 2030 | C49: 0 | D49: 0 | E49: =D49-C49 -> 0 | F49: =D49/C49*100 -> #DIV/0!
A50: Коригування прибутку по дооцінці | B50: 2040 | C50: 0 | D50: 0 | E50: =D50-C50 -> 0 | F50: =D50/C50*100 -> #DIV/0!
A51: Залишок нерозподіленого прибутку (непокритого збитку) на кінець звітного періоду | B51: 2050 | C51: 0 | D51: 0 | E51: =D51-C51 -> 0 | F51: =D51/C51*100 -> #DIV/0!
A52: ІІІ. РОЗРАХУНКИ З БЮДЖЕТОМ
A53: Податки, збори та платежі до бюджету всього, у тому числі: | B53: 3000 | C53: =C54+C55+C56+C57+C58+C59 -> 6570.156 | D53: =D54+D55+D56+D57+D58+D59 -> 6482.21 | E53: =D53-C53 -> -87.946 | F53: =D53/C53*100 -> 98.661432
A54: податок на додану вартість | B54: 3010 | C54: 128.255 | D54: 123.36 | E54: =D54-C54 -> -4.895 | F54: =D54/C54*100 -> 96.183385
A55: військовий збір | B55: 3020 | C55: 232 | D55: 229.107 | E55: =D55-C55 -> -2.893 | F55: =D55/C55*100 -> 98.753017
A56: плата за землю | B56: 3030 | C56: 1.745 | D56: 2.128 | E56: =D56-C56 -> 0.383 | F56: =D56/C56*100 -> 121.94842
A57: податок на дохід фізичних осіб | B57: 3040 | C57: 2779 | D57: 2738.637 | E57: =D57-C57 -> -40.363 | F57: =D57/C57*100 -> 98.547571
A58: єдиний внесок на загальнообов'язкове державне соціальне страхування | B58: 3050 | C58: 3429.156 | D58: 3388.978 | E58: =D58-C58 -> -40.178 | F58: =D58/C58*100 -> 98.828341
A59: інші (Таблиця 6) | B59: 3060 | C59: ='Таблиця 6 рядок 3060'!B21 -> 0 | D59: ='Таблиця 6 рядок 3060'!C21 -> 0 | E59: =D59-C59 -> 0 | F59: =D59/C59*100 -> #DIV/0!
A60: ІV. РУХ ГРОШОВИХ КОШТІВ
A61: Залишок коштів на початок періоду | B61: 4010 | C61: 8623.718 | D61: 8623.718 | E61: =D61-C61 -> 0 | F61: =D61/C61*100 -> 100
A62: Надходження грошових коштів | B62: 4020 | C62: 20910 | D62: 26162.79 | E62: =D62-C62 -> 5252.79 | F62: =D62/C62*100 -> 125.12095
A63: Використання грошових коштів | B63: 4030 | C63: 20533.718 | D63: 24925.808 | E63: =D63-C63 -> 4392.09 | F63: =D63/C63*100 -> 121.38965
A64: Залишок коштів на кінець періоду | B64: 4040 | C64: =C61+C62-C63 -> 9000 | D64: =D61+D62-D63 -> 9860.7 | E64: =D64-C64 -> 860.7 | F64: =D64/C64*100 -> 109.56333
A65: V. ЦІЛЬОВЕ ФІНАНСУВАННЯ ЗА ПРОГРАМОЮ "ОХОРОНА ЗДОРОВ'Я МІСТА ЗАПОРІЖЖЯ " на відповідний рік
A66: Поточні видатки всього, у тому числі: | B66: 5010 | C66: =C67+C68+C69 -> 4063.124 | D66: =D67+D68+D69 -> 4063.054 | E66: =D66-C66 -> -0.07 | F66: =D66/C66*100 -> 99.998277
A67: підтримка на виплату заробітної плати з нарахуваннями | B67: 5011 | C67: 0 | D67: 0 | E67: =D67-C67 -> 0 | F67: =D67/C67*100 -> #DIV/0!
A68: оплата комунальних послуг та енергоносіїв | B68: 5012 | C68: ='Таблиця 4 рядок 1210'!E20 -> 943.465 | D68: ='Таблиця 4 рядок 1210'!F20 -> 943.395 | E68: =D68-C68 -> -0.07 | F68: =D68/C68*100 -> 99.992581
A69: інші (Таблиця 7) | B69: 5013 | C69: ='Таблиця 7 рядок 5013'!B15 -> 3119.659 | D69: ='Таблиця 7 рядок 5013'!C15 -> 3119.659 | E69: =D69-C69 -> 0 | F69: =D69/C69*100 -> 100
A70: Капітальні видатки всього, в тому числі: | B70: 5020 | C70: =C71+C72+C73 -> 0 | D70: =D71+D72+D73 -> 0 | E70: =D70-C70 -> 0 | F70: =D70/C70*100 -> #DIV/0!
A71: капітальний ремонт | B71: 5021 | C71: 0 | D71: 0 | E71: =D71-C71 -> 0 | F71: =D71/C71*100 -> #DIV/0!
A72: реконструкція | B72: 5022 | C72: 0 | D72: 0 | E72: =D72-C72 -> 0 | F72: =D72/C72*100 -> #DIV/0!
A73: придбання обладнання | B73: 5023 | C73: 0 | D73: 0 | E73: =D73-C73 -> 0 | F73: =D73/C73*100 -> #DIV/0!
A74: Разом | B74: 5030 | C74: =C66+C70 -> 4063.124 | D74: =D66+D70 -> 4063.054 | E74: =D74-C74 -> -0.07 | F74: =D74/C74*100 -> 99.998277
A75: VI. Капітальні інвестиції
A76: Капітальні інвестиції всього, в т.ч.: (Таблиця 8) | B76: 6000 | C76: =C77+C78+C79+C80+C81+C82 -> 271.503 | D76: =D77+D78+D79+D80+D81+D82 -> 271.502 | E76: =D76-C76 -> -0.001 | F76: =D76/C76*100 -> 99.999632
A77: капітальне будівництво | B77: 6010 | C77: 0 | D77: 0 | E77: =D77-C77 -> 0 | F77: =D77/C77*100 -> #DIV/0!
A78: придбання (виготовлення) основних засобів (Таблиця 9) | B78: 6020 | C78: ='Таблиця 8 рядок 6000'!K10 -> 74.82 | D78: 74.82 | E78: =D78-C78 -> 0 | F78: =D78/C78*100 -> 100
A79: придбання (виготовлення) інших необоротних матеріальних активів | B79: 6030 | C79: ='Таблиця 8 рядок 6000'!K11 -> 196.683 | D79: ='Таблиця 8 рядок 6000'!L11 -> 196.682 | E79: =D79-C79 -> -0.001 | F79: =D79/C79*100 -> 99.999492
A80: придбання (створення) нематеріальних активів | B80: 6040 | C80: 0 | D80: 0 | E80: =D80-C80 -> 0 | F80: =D80/C80*100 -> #DIV/0!
A81: модернізація, модифікація (добудова, дообладнання, реконструкція) основних засобів (Таблиця 10) | B81: 6050 | C81: 0 | D81: 0 | E81: =D81-C81 -> 0 | F81: =D81/C81*100 -> #DIV/0!
A82: капітальний ремонт (Таблиця 10) | B82: 6060 | C82: 0 | D82: 0 | E82: =D82-C82 -> 0 | F82: =D82/C82*100 -> #DIV/0!
A83: Залишкова вартість основних засобів (на кінець періоду) | B83: 6080 | C83: 56212.7 | D83: 56212.7 | E83: =D83-C83 -> 0 | F83: =D83/C83*100 -> 100
A84: VІI. КОЕФІЦІЄНТНИЙ АНАЛІЗ
A85: Рентабельність діяльності (фінансовий результат /дохід від реалізації продукції (товарів, робіт, послуг) х 100, % | B85: 7010 | C85: =C45/C14*100 -> 1.7049377 | D85: =D45/D14*100 -> 7.4640617 | E85: =D85-C85 -> 5.759124 | F85: =D85/C85*100 -> 437.79088
A86: Коефіцієнт відношення капітальних інвестицій до амортизації | B86: 7020 | C86: =C76/C43 -> 0.34608942 | D86: =D76/D43 -> 0.34609168 | E86: =D86-C86 -> 2.2546341e-06 | F86: =D86/C86*100 -> 100.00065
A87: Коефіцієнт зносу основних засобів | B87: 7030 | C87: 0.208 | D87: 0.212 | E87: =D87-C87 -> 0.004 | F87: =D87/C87*100 -> 101.92308
A88: VІІІ. ДАНІ ПРО ПЕРСОНАЛ ТА ОПЛАТУ ПРАЦІ
A89: Середня кількість працівників (штатних працівників, зовнішніх сумісників та працівників, що працюють за цивільно-правовими договорами), у т.ч.: | B89: 8100 | C89: =C90+C91+C92+C93+C94+C95+C96 -> 391.75 | D89: =D90+D91+D92+D93+D94+D95+D96 -> 328 | E89: =D89-C89 -> -63.75 | F89: =D89/C89*100 -> 83.726867
A90: Керівники | B90: 8110 | C90: 5 | D90: 5 | E90: =D90-C90 -> 0 | F90: =D90/C90*100 -> 100
A91: Керівники структурних підрозділів | B91: 8120 | C91: 14 | D91: 13 | E91: =D91-C91 -> -1 | F91: =D91/C91*100 -> 92.857143
A92: Лікарі | B92: 8130 | C92: 95 | D92: 79 | E92: =D92-C92 -> -16 | F92: =D92/C92*100 -> 83.157895
A93: Середній медичний персонал | B93: 8140 | C93: 135.5 | D93: 113 | E93: =D93-C93 -> -22.5 | F93: =D93/C93*100 -> 83.394834
A94: Молодший медичний персонал | B94: 8150 | C94: 39.5 | D94: 35 | E94: =D94-C94 -> -4.5 | F94: =D94/C94*100 -> 88.607595
A95: Спеціалісти (немедики) | B95: 8160 | C95: 20 | D95: 16 | E95: =D95-C95 -> -4 | F95: =D95/C95*100 -> 80
A96: Інший персонал | B96: 8170 | C96: 82.75 | D96: 67 | E96: =D96-C96 -> -15.75 | F96: =D96/C96*100 -> 80.966767
A97: Фонд оплати праці, у т.ч.: | B97: 8200 | C97: =C98+C99+C100+C101+C102+C103+C104 -> 15441.162 | D97: =D98+D99+D100+D101+D102+D103+D104 -> 15273.672 | E97: =D97-C97 -> -167.49 | F97: =D97/C97*100 -> 98.915302
A98: Керівники | B98: 8210 | C98: 616.65 | D98: 616.632 | E98: =D98-C98 -> -0.018 | F98: =D98/C98*100 -> 99.997081
A99: Керівники структурних підрозділів | B99: 8220 | C99: 1104 | D99: 1103.892 | E99: =D99-C99 -> -0.108 | F99: =D99/C99*100 -> 99.990217
A100: Лікарі | B100: 8230 | C100: 5416.368 | D100: 5360.293 | E100: =D100-C100 -> -56.075 | F100: =D100/C100*100 -> 98.964712
A101: Середній медичний персонал | B101: 8240 | C101: 5039.523 | D101: 4966.045 | E101: =D101-C101 -> -73.478 | F101: =D101/C101*100 -> 98.541965
A102: Молодший медичний персонал | B102: 8250 | C102: 843 | D102: 842.157 | E102: =D102-C102 -> -0.843 | F102: =D102/C102*100 -> 99.9
...

Sheet Таблиця 1 рядок 1121
E1: Таблиця 1
A2: КНП "Центр первинної медико-санітарної допомоги №2"
A3: (назва підприємства)
A4: Інший операційний дохід
A5: Цільовий інший операційний дохід (рядок 1121 звіту)
A7: Найменування | B7: План | C7: Факт | D7: Відхилення | E7: % виконання плану
A9: Бюджет Запорізької міської територіальної громади: | B9: =SUM(B10:B16) -> 3755.03 | C9: =SUM(C10:C16) -> 3654.125 | D9: =C9-B9 -> -100.905 | E9: =C9/B9*100 -> 97.312804
A10: Соціальне забезпечення (у тому числі пільгові пенсії) | B10: 14.744 | C10: 14.743 | D10: =C10-B10 -> -0.001 | E10: =C10/B10*100 -> 99.993218
A11: Медикаменти та перев'язувальні матеріали | B11: 49 | C11: 37.312 | D11: =C11-B11 -> -11.688 | E11: =C11/B11*100 -> 76.146939
A12: Засоби індивідуального захисту | B12: 13 | C12: 12.032 | D12: =C12-B12 -> -0.968 | E12: =C12/B12*100 -> 92.553846
A13: Продукти харчування | B13: 70 | C13: 53.929 | D13: =C13-B13 -> -16.071 | E13: =C13/B13*100 -> 77.041429
A14: Паливно-мастильні матеріали | B14: 130 | C14: 129.861 | D14: =C14-B14 -> -0.139 | E14: =C14/B14*100 -> 99.893077
A15: Оплата комунальних послуг та енергоносіїв | B15: 943.465 | C15: 943.395 | D15: =C15-B15 -> -0.07 | E15: =C15/B15*100 -> 99.992581
A16: Інші операційні витрати (відшкодування вартості пільгових ліків, інсулінів) | B16: 2534.821 | C16: 2462.853 | D16: =C16-B16 -> -71.968 | E16: =C16/B16*100 -> 97.160825
A17: Безоплатне отримання активів: | B17: =SUM(B18:B23) -> 3985.2 | C17: =SUM(C18:C23) -> 3341.619 | D17: =C17-B17 -> -643.581 | E17: =C17/B17*100 -> 83.850723
A18: Медикаменти та перев'язувальні матеріали | B18: 3941 | C18: 3300.395 | D18: =C18-B18 -> -640.605 | E18: =C18/B18*100 -> 83.745115
A19: Засоби індивідуального захисту | B19: 25 | C19: 22.024 | D19: =C19-B19 -> -2.976 | E19: =C19/B19*100 -> 88.096
A20: Предмети, матеріали та інвентар | B20: 0 | C20: 0 | D20: =C20-B20 -> 0 | E20: =C20/B20*100 -> #DIV/0!
A21: Будівельні матеріали | B21: 0 | C21: 0 | D21: =C21-B21 -> 0 | E21: =C21/B21*100 -> #DIV/0!
A22: Паливно-мастильні матеріали | B22: 0 | C22: 0 | D22: =C22-B22 -> 0 | E22: =C22/B22*100 -> #DIV/0!
A23: Господарськи товари | B23: 19.2 | C23: 19.2 | D23: =C23-B23 -> 0 | E23: =C23/B23*100 -> 100
A24: Всього | B24: =B9+B17 -> 7740.23 | C24: =C9+C17 -> 6995.744 | D24: =C24-B24 -> -744.486 | E24: =C24/B24*100 -> 90.381604
A27: Головний бухгалтер | D27: Ольга САРАНА
B28: (підпис) | C28: (П.І.Б.)

Sheet Таблиця 2 рядок 1123
E1: Таблиця 2
A2: КНП "Центр первинної медико-санітарної допомоги №2"
A3: (назва підприємства)
A4: Інший операційний дохід
A5: Інше (рядок 1123 звіту)
A7: Найменування | B7: План | C7: Факт | D7: Відхилення | E7: % виконання плану
A9: Благодійний грант від Представництва "ПРОДЖЕКТ ХОУП-ЗЕ ПІПЛ-ТУ ПІПЛ ХЕЛС ФАУНДЕЙШН ІНК в Україні для "Посилення кадрового потенціалу" (збільшення кількості медичних пацієнтів) | B9: 294.536 | C9: 146.74 | D9: =C9-B9 -> -147.796 | E9: =C9/B9*100 -> 49.820735
A10: Кошти, отримані від КНП "ЦПМСД № 4" | B10: 0 | C10: 882.273 | D10: =C10-B10 -> 882.273 | E10: =C10/B10*100 -> #DIV/0!
D11: =C11-B11 -> 0 | E11: =C11/B11*100 -> #DIV/0!
D12: =C12-B12 -> 0 | E12: =C12/B12*100 -> #DIV/0!
D13: =C13-B13 -> 0 | E13: =C13/B13*100 -> #DIV/0!
D14: =C14-B14 -> 0 | E14: =C14/B14*100 -> #DIV/0!
D15: =C15-B15 -> 0 | E15: =C15/B15*100 -> #DIV/0!
D16: =C16-B16 -> 0 | E16: =C16/B16*100 -> #DIV/0!
D17: =C17-B17 -> 0 | E17: =C17/B17*100 -> #DIV/0!
D18: =C18-B18 -> 0 | E18: =C18/B18*100 -> #DIV/0!
D19: =C19-B19 -> 0 | E19: =C19/B19*100 -> #DIV/0!
D20: =C20-B20 -> 0 | E20: =C20/B20*100 -> #DIV/0!
A21: Всього | B21: =SUM(B9:B20) -> 294.536 | C21: =SUM(C9:C20) -> 1029.013 | D21: =C21-B21 -> 734.477 | E21: =C21/B21*100 -> 349.36748
A24: Головний бухгалтер | D24: Ольга САРАНА
B25: (підпис) | C25: (П.І.Б.)

Sheet Таблиця 3 рядок 1133
E1: Таблиця 3
A2: КНП "Центр первинної медико-санітарної допомоги №2"
A3: (назва підприємства)
A4: Інший неопераційний дохід
A5: (рядок 1133 звіту)
A7: Найменування | B7: План | C7: Факт | D7: Відхилення | E7: % виконання плану
A9: Дохід від нарахування відсотків банком на залишок коштів НСЗУ по рахунку на кінець звітного періоду | B9: 233.42 | C9: 233.419 | D9: =C9-B9 -> -0.001 | E9: =C9/B9*100 -> 99.999572
A10: Дохід від вибуття ОЗ і НА | B10: 41.336 | C10: 21.86 | D10: =C10-B10 -> -19.476 | E10: =C10/B10*100 -> 52.883685
A11: Дохід за рахунок зданого металобрухту від списаних основних засобів та необоротних активів | B11: 0.178 | C11: 0.178 | D11: =C11-B11 -> 0 | E11: =C11/B11*100 -> 100
D12: =C12-B12 -> 0 | E12: =C12/B12*100 -> #DIV/0!
D13: =C13-B13 -> 0 | E13: =C13/B13*100 -> #DIV/0!
D14: =C14-B14 -> 0 | E14: =C14/B14*100 -> #DIV/0!
D15: =C15-B15 -> 0 | E15: =C15/B15*100 -> #DIV/0!
D16: =C16-B16 -> 0 | E16: =C16/B16*100 -> #DIV/0!
D17: =C17-B17 -> 0 | E17: =C17/B17*100 -> #DIV/0!
D18: =C18-B18 -> 0 | E18: =C18/B18*100 -> #DIV/0!
D19: =C19-B19 -> 0 | E19: =C19/B19*100 -> #DIV/0!
D20: =C20-B20 -> 0 | E20: =C20/B20*100 -> #DIV/0!
A21: Всього | B21: =SUM(B9:B20) -> 274.934 | C21: =SUM(C9:C20) -> 255.457 | D21: =C21-B21 -> -19.477 | E21: =C21/B21*100 -> 92.915754
A25: Головний бухгалтер | D25: Ольга САРАНА
B26: (підпис) | C26: (П.І.Б.)

Sheet Таблиця 4 рядок 1210
K1: Таблиця 4
A2: КНП "Центр первиинної медико-санітарної допомги №2"
A3: (назва підприємства)
A4: Операційні витрати без амортизації
A5: (рядок 1210 звіту)
C7: коштів НСЗУ | E7: коштів бюджетів всіх рівнів | G7: безоплатного отримання активів | I7: інших надходжень | K7: Разом за звітний період
B8: Код рядка | C8: план | D8: факт | E8: план | F8: факт | G8: план | H8: факт | I8: план | J8: факт | K8: план | L8: факт
A9: Операційні витрати без амортизації всього, в тому числі: | B9: 1210 | C9: =C10+C11+C12+C13+C25 -> 19870.065 | D9: =D10+D11+D12+D13+D25 -> 19657.727 | E9: =E10+E11+E12+E13+E25 -> 3755.03 | F9: =F10+F11+F12+F13+F25 -> 3673.405 | G9: =G10+G11+G12+G13+G25 -> 3985.2 | H9: =H10+H11+H12+H13+H25 -> 3341.619 | I9: =I10+I11+I12+I13+I25 -> 1031.977 | J9: =J10+J11+J12+J13+J25 -> 813.342 | K9: =C9+E9+G9+I9 -> 28642.272 | L9: =D9+F9+H9+J9 -> 27486.093
A10: Оплата праці | B10: 1211 | C10: 15195 | D10: 15188.678 | I10: 246.162 | J10: 84.994 | K10: =C10+E10+G10+I10 -> 15441.162 | L10: =D10+F10+H10+J10 -> 15273.672 | M10: =L10-'Додаток 2 Фін.звіт'!D27 -> 0
A11: Нарахування на оплату праці | B11: 1212 | C11: 3375 | D11: 3370.494 | I11: 54.156 | J11: 18.484 | K11: =C11+E11+G11+I11 -> 3429.156 | L11: =D11+F11+H11+J11 -> 3388.978 | M11: =L11-'Додаток 2 Фін.звіт'!D28 -> 0
A12: Соціальне забезпечення (у тому числі пільгові пенсії) | B12: 1213 | E12: 14.744 | F12: 14.743 | K12: =C12+E12+G12+I12 -> 14.744 | L12: =D12+F12+H12+J12 -> 14.743
A13: Матеріальні витрати | B13: 1214 | C13: =C14+C15+C16+C17+C18+C19+C20+C21+C22+C23+C24 -> 888.1 | D13: =D14+D15+D16+D17+D18+D19+D20+D21+D22+D23+D24 -> 701.156 | E13: =E14+E15+E16+E17+E18+E19+E20+E21+E22+E23+E24 -> 1205.465 | F13: =F14+F15+F16+F17+F18+F19+F20+F21+F22+F23+F24 -> 1176.529 | G13: =G14+G15+G16+G17+G18+G19+G20+G21+G22+G23+G24 -> 3985.2 | H13: =H14+H15+H16+H17+H18+H19+H20+H21+H22+H23+H24 -> 3341.619 | I13: =I14+I15+I16+I17+I18+I19+I20+I21+I22+I23+I24 -> 547.809 | J13: =J14+J15+J16+J17+J18+J19+J20+J21+J22+J23+J24 -> 532.955 | K13: =C13+E13+G13+I13 -> 6626.574 | L13: =D13+F13+H13+J13 -> 5752.259
A14: Медикаменти та перев'язувальні матеріали | B14: 1214.1 | C14: 312 | D14: 311.998 | E14: 49 | F14: 37.312 | G14: 3941 | H14: 3300.395 | K14: =C14+E14+G14+I14 -> 4302 | L14: =D14+F14+H14+J14 -> 3649.705
A15: Засоби індивідуального захисту | B15: 1214.2 | C15: 50 | D15: 36.555 | E15: 13 | F15: 12.032 | G15: 25 | H15: 22.024 | K15: =C15+E15+G15+I15 -> 88 | L15: =D15+F15+H15+J15 -> 70.611
A16: Продукти харчування | B16: 1214.3 | E16: 70 | F16: 53.929 | K16: =C16+E16+G16+I16 -> 70 | L16: =D16+F16+H16+J16 -> 53.929
A17: Предмети, матеріали та інвентар | B17: 1214.4 | C17: 150 | D17: 69.978 | I17: 41 | J17: 37.008 | K17: =C17+E17+G17+I17 -> 191 | L17: =D17+F17+H17+J17 -> 106.986
A18: Будівельні матеріали | B18: 1214.5 | C18: 5 | D18: 2.353 | I18: 65 | J18: 60.795 | K18: =C18+E18+G18+I18 -> 70 | L18: =D18+F18+H18+J18 -> 63.148
A19: Паливно-мастильні матеріали | B19: 1214.6 | C19: 300 | D19: 210.798 | E19: 130 | F19: 129.861 | I19: 1.5 | J19: 0 | K19: =C19+E19+G19+I19 -> 431.5 | L19: =D19+F19+H19+J19 -> 340.659
A20: Оплата комунальних послуг та інших енергоносіїв | B20: 1214.7 | E20: 943.465 | F20: 943.395 | I20: 424.509 | J20: 420.399 | K20: =C20+E20+G20+I20 -> 1367.974 | L20: =D20+F20+H20+J20 -> 1363.794
A21: М’який інвентар | B21: 1214.8 | K21: =C21+E21+G21+I21 -> 0 | L21: =D21+F21+H21+J21 -> 0
A22: Господарські матеріали | B22: 1214.9 | C22: 5 | D22: 3.444 | G22: 19.2 | H22: 19.2 | I22: 2.8 | J22: 1.853 | K22: =C22+E22+G22+I22 -> 27 | L22: =D22+F22+H22+J22 -> 24.497
A23: Ремонти (приміщень, обладнання) | B23: 1214.10 | C23: 66.1 | D23: 66.03 | I23: 13 | J23: 12.9 | K23: =C23+E23+G23+I23 -> 79.1 | L23: =D23+F23+H23+J23 -> 78.93
A24: Інші матеріальні витрати | B24: 1214.11 | K24: =C24+E24+G24+I24 -> 0 | L24: =D24+F24+H24+J24 -> 0
A25: Інші операційні витрати | B25: 1215 | C25: 411.965 | D25: =382.577+14.822 -> 397.399 | E25: 2534.821 | F25: =2462.853+19.28 -> 2482.133 | I25: 183.85 | J25: =174.329+2.58 -> 176.909 | K25: =C25+E25+G25+I25 -> 3130.636 | L25: =D25+F25+H25+J25 -> 3056.441
A28: Головний бухгалтер | I28: Ольга САРАНА
H29: (П.І.Б.)

Sheet Таблиця 5 рядок 1215
E1: Таблиця 5
A2: КНП "Центр первинної медико-санітарної допомоги №2"
A3: (назва підприємства)
A4: Інші операційні витрати
A5: (рядок 1215 звіту)
A7: Найменування | B7: План | C7: Факт | D7: Відхилення | E7: % виконання плану
A9: Видатки на відрядження | B9: 0 | C9: 0 | D9: =C9-B9 -> 0 | E9: =C9/B9*100 -> #DIV/0!
A10: Підготовка (перепідготовка) кадрів та підвищення кваліфікації | B10: 53.1 | C10: 50.02 | D10: =C10-B10 -> -3.08 | E10: =C10/B10*100 -> 94.199623
A11: Послуги (крім комунальних) | B11: 322 | C11: 295.266 | D11: =C11-B11 -> -26.734 | E11: =C11/B11*100 -> 91.697516
A12: Зовнішні послуги з медичної допомоги | B12: 1.885 | C12: 1.884 | D12: =C12-B12 -> -0.001 | E12: =C12/B12*100 -> 99.94695
A13: ТО ліфти, ПК, оргтехніка, телефони | B13: 6.645 | C13: 6.643 | D13: =C13-B13 -> -0.002 | E13: =C13/B13*100 -> 99.969902
A14: Зв'язок, інтернет | B14: 50 | C14: 45.674 | D14: =C14-B14 -> -4.326 | E14: =C14/B14*100 -> 91.348
A15: Охорона | B15: 9.3 | C15: 9.3 | D15: =C15-B15 -> 0 | E15: =C15/B15*100 -> 100
A16: Пожежна охорона | B16: 6.9 | C16: 6.9 | D16: =C16-B16 -> 0 | E16: =C16/B16*100 -> 100
A17: Страхування | B17: 14.485 | C17: 14.485 | D17: =C17-B17 -> 0 | E17: =C17/B17*100 -> 100
A18: Податки | B18: 130 | C18: 125.488 | D18: =C18-B18 -> -4.512 | E18: =C18/B18*100 -> 96.529231
A19: Банківське обслуговування | B19: 1.5 | C19: 1.246 | D19: =C19-B19 -> -0.254 | E19: =C19/B19*100 -> 83.066667
A20: Відшкодування вартості пільгових ліків, інсулінів | B20: 2534.821 | C20: 2462.853 | D20: =C20-B20 -> -71.968 | E20: =C20/B20*100 -> 97.160825
A21: Інші витрати | B21: 0 | C21: 36.682 | D21: =C21-B21 -> 36.682 | E21: =C21/B21*100 -> #DIV/0!
A22: Всього | B22: =SUM(B9:B21) -> 3130.636 | C22: =SUM(C9:C21) -> 3056.441 | D22: =C22-B22 -> -74.195 | E22: =C22/B22*100 -> 97.630034
A25: Головний бухгалтер | D25: Ольга САРАНА
B26: (підпис) | C26: (П.І.Б.)

Sheet Таблиця 6 рядок 3060
E1: Таблиця 6
A2: КНП "Центр первинної медико-санітарної допомоги №2"
A3: (назва підприємства)
A4: Інші податки, збори та платежі до бюджету
A5: (рядок 3060 звіту)
A7: Найменування | B7: План | C7: Факт | D7: Відхилення | E7: % виконання плану
D9: =C9-B9 -> 0 | E9: =C9/B9*100 -> #DIV/0!
D10: =C10-B10 -> 0 | E10: =C10/B10*100 -> #DIV/0!
D11: =C11-B11 -> 0 | E11: =C11/B11*100 -> #DIV/0!
D12: =C12-B12 -> 0 | E12: =C12/B12*100 -> #DIV/0!
D13: =C13-B13 -> 0 | E13: =C13/B13*100 -> #DIV/0!
D14: =C14-B14 -> 0 | E14: =C14/B14*100 -> #DIV/0!
D15: =C15-B15 -> 0 | E15: =C15/B15*100 -> #DIV/0!
D16: =C16-B16 -> 0 | E16: =C16/B16*100 -> #DIV/0!
D17: =C17-B17 -> 0 | E17: =C17/B17*100 -> #DIV/0!
D18: =C18-B18 -> 0 | E18: =C18/B18*100 -> #DIV/0!
D19: =C19-B19 -> 0 | E19: =C19/B19*100 -> #DIV/0!
D20: =C20-B20 -> 0 | E20: =C20/B20*100 -> #DIV/0!
A21: Всього | B21: =SUM(B9:B20) -> 0 | C21: =SUM(C9:C20) -> 0 | D21: =C21-B21 -> 0 | E21: =C21/B21*100 -> #DIV/0!
A24: Головний бухгалтер | D24: Ольга САРАНА
B25: (підпис) | C25: (П.І.Б.)

Sheet Таблиця 7 рядок 5013
E1: Таблиця 7
A2: КНП "Центр первинної медико-санітарної допомоги №2"
A3: (назва підприємства)
A4: Інші поточні видатки цільового фінансування
A5: (рядок 5013 звіту)
A7: Найменування | B7: План | C7: Факт | D7: Відхилення | E7: % виконання плану
A9: Соціальне забезпечення (у тому числі пільгові пенсії) | B9: 14.743 | C9: 14.743 | D9: =C9-B9 -> 0 | E9: =C9/B9*100 -> 100
A10: Медикаменти та перев'язувальні матеріали | B10: 330.502 | C10: 330.502 | D10: =C10-B10 -> 0 | E10: =C10/B10*100 -> 100
A11: Засоби індивідуального захисту | B11: 0 | C11: 0 | D11: =C11-B11 -> 0 | E11: =C11/B11*100 -> #DIV/0!
A12: Продукти харчування | B12: 79.355 | C12: 79.355 | D12: =C12-B12 -> 0 | E12: =C12/B12*100 -> 100
A13: Паливно-мастильні матеріали | B13: 232.206 | C13: 232.206 | D13: =C13-B13 -> 0 | E13: =C13/B13*100 -> 100
A14: Інші операційні витрати (відшкодування вартості пільгових ліків, інсулінів) | B14: 2462.853 | C14: 2462.853 | D14: =C14-B14 -> 0 | E14: =C14/B14*100 -> 100
A15: Всього | B15: =SUM(B9:B14) -> 3119.659 | C15: =SUM(C9:C14) -> 3119.659 | D15: =C15-B15 -> 0 | E15: =C15/B15*100 -> 100
A18: Головний бухгалтер | D18: Ольга САРАНА
B19: (підпис) | C19: (П.І.Б.)

Sheet Таблиця 8 рядок 6000
K1: Таблиця 8
B2: КНП "Центр первинної медико-санітарної допомоги №2"
A3: (назва підприємства)
A4: Капітальні інвестиції
A5: (рядок 6000 звіту)
B7: Код рядка | C7: коштів НСЗУ | E7: коштів бюджетів всіх рівнів | G7: безоплатного отримання активів | I7: інших надходжень | K7: Разом за звітний період
C8: план | D8: факт | E8: план | F8: факт | G8: план | H8: факт | I8: план | J8: факт | K8: план | L8: факт
A9: капітальне будівництво | B9: 6010 | K9: =C9+E9+G9+I9 -> 0 | L9: =D9+F9+H9+J9 -> 0
A10: придбання (виготовлення) основних засобів | B10: 6020 | G10: 74.82 | H10: 74.82 | K10: =C10+E10+G10+I10 -> 74.82 | L10: =D10+F10+H10+J10 -> 74.82
A11: придбання (виготовлення) інших необоротних матеріальних активів | B11: 6030 | C11: 196.683 | D11: 196.682 | K11: =C11+E11+G11+I11 -> 196.683 | L11: =D11+F11+H11+J11 -> 196.682
A12: придбання (створення) нематеріальних активів | B12: 6040 | K12: =C12+E12+G12+I12 -> 0 | L12: =D12+F12+H12+J12 -> 0
A13: модернізація, модифікація (добудова, дообладнання, реконструкція) основних засобів | B13: 6050 | K13: =C13+E13+G13+I13 -> 0 | L13: =D13+F13+H13+J13 -> 0
A14: капітальний ремонт | B14: 6060 | K14: =C14+E14+G14+I14 -> 0 | L14: =D14+F14+H14+J14 -> 0
A15: Всього | C15: =SUM(C9:C14) -> 196.683 | D15: =SUM(D9:D14) -> 196.682 | E15: =SUM(E9:E14) -> 0 | F15: =SUM(F9:F14) -> 0 | G15: =SUM(G9:G14) -> 74.82 | H15: =SUM(H9:H14) -> 74.82 | I15: =SUM(I9:I14) -> 0 | J15: =SUM(J9:J14) -> 0 | ... L15: =SUM(L9:L14) -> 271.502
A17: Головний бухгалтер | H17: Ольга САРАНА
E18: (підпис) | G18: (П.І.Б.)

Sheet Таблиця 9 рядок 6020
E1: Таблиця 9
A3: КНП "Центр первинної медико-санітарної допомоги №2"
A4: (назва підприємства)
A5: Придбання основних засобів
A6: (рядок 6020 звіту)
A8: Найменування основного засобу | B8: Кількість, од. | C8: Ціна за одиницю, тис.грн. | D8: Вартість, тис.грн. | E8: Джрело коштів для придбання
A9: Генератор | B9: 1 | C9: 74.82 | D9: 74.82 | E9: Безоплатне отримання
A21: Всього | B21: =SUM(B9:B20) -> 1 | C21: =SUM(C9:C20) -> 74.82 | D21: =SUM(D9:D20) -> 74.82
A28: Головний бухгалтер | D28: Ольга САРАНА
B29: (підпис) | C29: (П.І.Б.)

Sheet Таблиця 10 рядки 6050,6060
D1: Таблиця 10
A2: КНП "Центр первинної медико-санітарної допомоги №2"
A3: (назва підприємства)
A4: Перелік реконструкцій та капітальних ремонтів
A5: (рядки 6050,6060 звіту)
A7: Найменування об'єкту | B7: Вартість, тис.грн. | C7: Джерело коштів | D7: Терміни проведення робіт (квартали)
A20: Всього | B20: =SUM(B8:B19) -> 0
A23: Головний бухгалтер | C23: Ольга САРАНА
B24: (підпис) | C24: (П.І.Б.)

Sheet Довідка про зп мед персоналу
A1: Середньомісячна заробітна плата медичних працівників у І кварталі 2023 року
A2: по комунальному некомерційному підприємству "Центр первинної медико-санітарної допомоги № 2"
A3: (назва підприємства)
A4: Період (місяці кварталу) | B4: Штатна чисельність | E4: Кількість працівників в еквіваленті повної зайнятості | H4: Фонд оплати праці, грн. | K4: Середньомісячна заробітна плата 1 працівника в еквіваленті повної зайнятості, грн.
B5: Медичні працівники | C5: в т.ч.: | E5: Медичні працівники | F5: в т.ч.: | H5: Медичних працівників | I5: в т.ч.: | K5: Медичні працівники | L5: фахівці з базовою та неповною вищою медичною освітою | M5: лікарі
C6: фахівці з базовою та неповною вищою медичною освітою | D6: лікарі | F6: фахівці з базовою та неповною вищою медичною освітою | G6: лікарі | I6: фахівці з базовою та неповною вищою медичною освітою | J6: лікарі
A7: січень | B7: =C7+D7 -> 246.5 | C7: 136.5 | D7: 110 | E7: =F7+G7 -> 184 | F7: 102 | G7: 82 | H7: =I7+J7 -> 3459230.1 | I7: 1498824.5 | J7: 1960405.6 | K7: =H7/E7 -> 18800.164 | L7: =I7/F7 -> 14694.358 | M7: =J7/G7 -> 23907.386
A8: лютий | B8: =C8+D8 -> 246.5 | C8: 136.5 | D8: 110 | E8: =F8+G8 -> 182 | F8: 101 | G8: 81 | H8: =I8+J8 -> 3575918.5 | I8: 1561709.2 | J8: 2014209.3 | K8: =H8/E8 -> 19647.904 | L8: =I8/F8 -> 15462.468 | M8: =J8/G8 -> 24866.781
A9: березень | B9: =C9+D9 -> 246.5 | C9: 136.5 | D9: 110 | E9: =F9+G9 -> 200 | F9: 112 | G9: 88 | H9: =I9+J9 -> 4686174.9 | I9: 1997692.6 | J9: 2688482.4 | K9: =H9/E9 -> 23430.875 | L9: =I9/F9 -> 17836.541 | M9: =J9/G9 -> 30550.936
E10: =SUM(E7:E9) -> 566 | H10: =SUM(H7:H9) -> 11721324 | K10: =H10/E10 -> 20709.052
A12: Заступник медичного директора | E12: Діляра ОЛІЙНИКОВА
A14: Головний бухгалтер | E14: Ольга САРАНА

Sheet Лист1
